 Dungeon Crawl Stone Soup version 0.32-a0-818-gb728d0252e (webtiles) character file.

Game seed: 13513492844699298476

138071 Nvm9 the Fighter (level 16, -51/120 HPs)
             Began as a Demonspawn Fighter on Mar 24, 2024.
             Was a High Priest of Qazlal.
             Annihilated by an azure jelly (63 damage)
             ... on level 2 of the Pits of Slime.
             The game lasted 01:39:31 (26048 turns).

Nvm9 the Fighter (Demonspawn Fighter)              Turns: 26048, Time: 01:39:32

Health: -51/120    AC: 30    Str: 20 (22) XL:     16   Next: 70%
Magic:  20/22      EV:  2    Int:  3 (5)  God:    Qazlal [*****.]
Gold:   1340       SH: 29    Dex: 22      Spells: 15/15 levels left

rFire   x x .        P - +7 broad axe
rCold   . . .        o - +3 tower shield {reflect}
rNeg    . . .        j - +3 crystal plate armour "Dudutwul" {Int-2 Dex+7}
rPois   .            (helmet unavailable)
rElec   .            (no cloak)
rCorr   +            V - +1 pair of gloves
SInv    +            l - +0 pair of boots
Will    +....        p - amulet of regeneration Stlth
                     q - +4 ring of protection
HPRegen 0.00/turn    w - ring of resist corrosion
MPRegen 0.18/turn

%: repel missiles, reflection
@: protected from cold, corroded, inhibited regen
A: antennae 3, thin skeletal structure 1, demonic guardian 3, foul stench 3,
bedeviling, talons 1, deterioration 1, dopey 2, frail 1, low MP 1, inhibited
regeneration, no potion heal 1, cold vulnerability 1, heat vulnerability 2,
inability to drink after injury 1, inability to read after injury 1, devolution
1
a: Renounce Religion, Upheaval, Elemental Force, Disaster Area


You were on level 2 of the Pits of Slime.
You worshipped Qazlal.
Qazlal was extremely pleased with you.
You visited 5 branches of the dungeon, and saw 25 of its levels.
You also visited: Bailey.

You collected 2908 gold pieces.
You spent 1568 gold pieces at shops.

Inventory:

Hand Weapons
 d - a +0 broad axe
 F - a +2 shortbow of draining
 P - a +7 broad axe (weapon)
Missiles
 m - 18 boomerangs
 t - an atropa-tipped dart (quivered)
 B - a throwing net
 L - 38 poisoned darts
 Q - 7 curare-tipped darts
Armour
 j - the +3 crystal plate armour "Dudutwul" (worn) {Int-2 Dex+7}
   (You acquired it on level 2 of the Orcish Mines)

   Int-2:     It affects your intelligence (-2).
   Dex+7:     It affects your dexterity (+7).
 l - a +0 pair of boots (worn)
 o - a +3 tower shield of reflection (worn)
 A - the +2 leather armour of Loss {Dex+3 SInv}
   (You found it on level 5 of the Lair of Beasts)

   Dex+3:     It affects your dexterity (+3).
   SInv:      It lets you see invisible.
 V - a +1 pair of gloves (worn)
Jewellery
 k - a ring of poison resistance
 p - an amulet of regeneration (around neck)
 q - a +4 ring of protection (left hand)
 v - a +5 ring of evasion
 w - a ring of resist corrosion (right hand)
 x - a ring of magical power
 G - a +6 ring of strength
Wands
 g - a wand of iceblast (13)
 r - a wand of charming (14)
 K - a wand of polymorph (8)
 M - a wand of mindburst (9)
Scrolls
 a - 3 scrolls of fog
 f - 17 scrolls of identify
 h - 11 scrolls of teleportation
 i - 6 scrolls of immolation
 n - 3 scrolls of amnesia
 z - 5 scrolls of poison
 C - 2 scrolls of fear
 D - a scroll of revelation
Potions
 b - 2 potions of might
 c - 4 potions of brilliance
 e - 4 potions of enlightenment
 s - a potion of magic
 u - 2 potions of lignification
 R - 5 potions of curing
 S - 2 potions of invisibility
 T - a potion of resistance
 W - a potion of berserk rage
Miscellaneous
 y - a phantom mirror
 E - a phial of floods


   Skills:
 * Level 14.8 Fighting
 * Level 13.1 Axes
 - Level 4.3 Throwing
 + Level 13.9 Armour
 + Level 14.2 Shields
 * Level 12.5 Invocations


You had 15 spell levels left.
You didn't know any spells.
Your spell library contained the following spells:

 Spells                   Type           Power      Damage    Failure   Level
 Apportation              Tloc           0%         N/A       100%        1
 Shock                    Conj/Air       0%         1d3       100%        1
 Summon Small Mammal      Summ           0%         N/A       100%        1
 Blink                    Tloc           0%         N/A       100%        2
 Cigotuvi's Dreadful Rot  Necr/Alch/Air  0%         N/A       100%        2
 Ensorcelled Hibernation  Hex/Ice        0%         N/A       100%        2
 Lesser Beckoning         Tloc           0%         N/A       100%        2
 Mercury Vapours          Alch/Air       0%         N/A       100%        2
 Momentum Strike          Conj/Tloc      0%         3d8       100%        2
 Call Canine Familiar     Summ           0%         N/A       100%        3
 Dazzling Flash           Conj/Hex       0%         N/A       100%        3
 Fugue of the Fallen      Necr           0%         N/A       100%        3
 Gell's Gravitas          Tloc           0%         N/A       100%        3
 Inner Flame              Hex/Fire       0%         N/A       100%        3
 Mephitic Cloud           Conj/Alch/Air  0%         N/A       100%        3
 Ozocubu's Armour         Ice            0%         N/A       100%        3
 Passwall                 Erth           0%         N/A       100%        3
 Stone Arrow              Conj/Erth      0%         3d7       100%        3
 Swiftness                Air            0%         N/A       100%        3
 Teleport Other           Tloc           0%         N/A       100%        3
 Volatile Blastmotes      Fire/Tloc      0%         2d10      100%        3
 Airstrike                Air            0%         2d(0-16)  100%        4
 Anguish                  Hex/Necr       0%         N/A       100%        4
 Animate Armour           Summ/Erth      0%         N/A       100%        4
 Animate Dead             Necr           0%         N/A       100%        4
 Brom's Barrelling Bould  Conj/Erth      0%         2d3       100%        4
 Dispel Undead            Necr           0%         3d6       100%        4
 Flame Wave               Conj/Fire      0%         2d4       100%        4
 Fulminant Prism          Conj/Alch      0%         3d5       100%        4
 Ignite Poison            Fire/Alch      0%         N/A       100%        4
 Manifold Assault         Tloc           0%         N/A       100%        4
 Martyr's Knell           Necr/Summ      0%         N/A       100%        4
 Olgreb's Toxic Radiance  Alch           0%         N/A       100%        4
 Sticky Flame             Fire/Alch      0%         2d4       100%        4
 Summon Blazeheart Golem  Fire/Summ      0%         N/A       100%        4
 Borgnjor's Vile Clutch   Necr/Erth      0%         N/A       100%        5
 Curse of Agony           Necr           0%         N/A       100%        5
 Freezing Cloud           Conj/Ice/Air   0%         6-21      100%        5
 Silence                  Hex/Air        0%         N/A       100%        5
 Bombard                  Conj/Erth      0%         9d1       100%        6
 Death Channel            Necr           0%         N/A       100%        6
 Haunt                    Necr/Summ      0%         N/A       100%        7
 Ozocubu's Refrigeration  Ice            0%         4d7       100%        7
 Borgnjor's Revivificati  Necr           0%         N/A       100%        8
 Discord                  Hex            0%         N/A       100%        8
 Lehudib's Crystal Spear  Conj/Erth      0%         10d2      100%        8
 Death's Door             Necr           0%         N/A       100%        9


Dungeon Overview and Level Annotations

Branches:
Dungeon (15/15)            Temple (1/1) D:4            Lair (5/5) D:10
 Shoals (0/4) Lair:3       Spider (0/4) Lair:2        Slime (2/5) Lair:5
    Orc (2/2) D:11            Elf (0/3) Orc:2        Vaults (0/5) D:13
 Depths (0/4) D:15         Bailey (visited)

Altars:
Ashenzari
Cheibriados
Dithmenos
Fedhas
Gozag
Hepliaklqana
Kikubaaqudgha
Makhleb
Nemelex Xobeh
Okawaru
Qazlal
Ru
Sif Muna
Trog
Uskayaw
Vehumet
Wu Jian
Xom
Yredelemnul

Shops:
Orc:1 (   Orc:2 =[!*

Portals:
Pandemonium: Orc:2

Annotations:
D:4 exclusion: statue
D:9 3 runed translucent doors, kuniqs's ghost, journeyman CoHu
D:11 3 runed translucent doors, NormalPerson7's ghost, journeyman HuFE
D:14 exclusion: downstairs


Innate Abilities, Weirdness & Mutations

You have a pair of large antennae on your head. (SInv)
You have a somewhat thin skeletal structure. (Dex +2, Stealth+)
A powerful demonic guardian rushes to your aid.
You frequently emit foul miasma when damaged in melee.
Your hexes are more powerful.
You have sharp toenails.
Your body sometimes deteriorates upon taking damage.
You are very dopey. (Int -4)
You are frail. (-10% HP)
Your magical capacity is low. (-10% MP)
You do not regenerate when monsters are visible.
Potions are less effective at restoring your health.
You are vulnerable to cold. (rC-)
You are very vulnerable to heat. (rF--)
You occasionally lose the ability to drink potions when taking damage.
You occasionally lose the ability to read scrolls when taking damage.
You have hidden genetic defects.


Message History

Here: an acid blob (almost dead)
The floor.
Unknown command.
Okay, then.
Unknown command.
Your system partially rejects the healing.
You feel much better.
The azure jelly is engulfed in dark miasma.
You block the azure jelly's attack. x2
The azure jelly hits you but does no damage. x2
The acid blob spits acid at you.
Your +3 tower shield of reflection blocks the splash of acid... and reflects it back!
The splash of acid hits the acid blob.
The acid blob completely resists.
You block the acid blob's attack.
Your system partially rejects the healing.
You feel much better.
The azure jelly is engulfed in dark miasma.
The azure jelly is poisoned.
You block the azure jelly's attack.
The azure jelly hits you but does no damage.
You block the azure jelly's attack. x2; You block the acid blob's attack.
The azure jelly is engulfed in dark miasma.
The azure jelly looks even sicker.
The azure jelly hits you but does no damage. x4
Your smoke demon gestures at the azure jelly.
The ball of steam hits the azure jelly!!
You slash the acid blob!
You kill the acid blob!
Qazlal accepts your kill.
You barely miss the azure jelly. The acid blob spits acid at you.
The splash of acid hits your smoke demon!
The acid corrodes your smoke demon!
The azure jelly is engulfed in dark miasma.
The azure jelly looks even sicker.
You block the azure jelly's attack. The azure jelly hits you!
* * * LOW HITPOINT WARNING * * *
The azure jelly freezes you!!!
You feel a terrible chill!
You feel protected from cold.
Ouch! That really hurt!
You die...

#..... #....#.#.#.###.#
##.#.. ........#§......
##... .......#.§..... ##..
.........§.#.## #..
..#......§....## #####.
........°§§....# ##.##..
##..J...J.....### #...##.
#....>..3@§°....## #....#
#..........§......####.....
........#§.°...#...#.......
.........#.................
.............##..ß..#....##
...#.....#...#..........##
..#......#..##.#...#....#
............######......##
##. ##......##


You could see an acid blob (ally target), an azure jelly (very poisoned) and a
friendly smoke demon (summoned, corroded).

Vanquished Creatures
  3 acid blobs
  3 rockslimes
  2 azure jellies
  A quicksilver ooze (Slime:2)
  A fire dragon (Lair:4)
  A demonspawn (Orc:2)
  A hydra (Lair:5)
  3 catoblepae (Lair:5)
  7 centaur warriors
  18 death yaks
  A boulder beetle (D:11)
  2 two-headed ogres
  7 orc high priests (Orc:2)
  5 tengu warriors
  8 skeletal warriors
  A skyshark (Lair:3)
  A lindwurm (shapeshifter) (D:15)
  29 ugly things
  A harpy (shapeshifter) (D:14)
  7 orc knights
  An obsidian bat (Orc:2)
  2 deep elf pyromancers
  An oklob plant (Lair:4)
  4 orc sorcerers (Orc:2)
  5 manticores
  3 cyclopes
  3 shining eyes
  3 meliai (D:15)
  6 black mambas
  11 elephants
  4 kobold blastminers
  4 gargoyles
  A rust devil (Orc:2)
  13 cane toads
  2 torpor snails
  A rime drake (Lair:4)
  An unseen horror (D:12)
  4 kobold demonologists
  Maggie (D:9)
  10 komodo dragons
  2 freezing wraiths
  An ice devil (Orc:2)
  A troll (shapeshifter) (D:14)
  A merfolk (shapeshifter) (D:13)
  4 trolls
  2 queen bees (shapeshifter) (D:13)
  8 blink frogs
  A jumping spider (Lair:2)
  11 dream sheep
  39 slime creatures
  2 culicivoras (Lair:2)
  2 centaur simulacra
  A spriggan (D:8)
  3 vampires
  2 wyverns
  5 wraiths
  A yak (shapeshifter) (D:14)
  83 yaks
  Eustachio (D:6)
  A water elemental (D:14)
  A warg (Orc:2)
  3 golden eyes
  4 redbacks (Lair:2)
  5 basilisks
  10 steam dragons
  14 vampire mosquitoes
  A redback simulacrum (D:15)
  A neqoxec (Orc:2)
  Menkaure (D:7)
  14 water moccasins
  A sky beast (shapeshifter) (D:13)
  A hornet zombie (D:7)
  3 black bears
  An ice beast (shapeshifter) (D:14)
  2 sky beasts
  34 orc warriors
  4 laughing skulls
  19 wolves
  2 ogres
  12 centaurs
  A phantom (D:5)
  3 kobold brigands
  10 bullfrogs
  2 scorpions
  A water moccasin zombie (D:7)
  4 killer bees
  3 electric eels (Bailey)
  6 howler monkeys
  4 centaur zombies (D:7)
  A gnoll bouda (D:6)
  27 orc priests
  A hound (D:5)
  2 jellies
  A sleepcap (D:4)
  9 iguanas
  Natasha (twice) (D:4)
  15 orc wizards
  2 hell rats (Lair:2)
  A killer bee zombie (D:7)
  11 gnolls
  8 adders
  11 river rats (Lair:2)
  A white imp (D:8)
  5 dart slugs
  A ribbon worm (D:4)
  65 orcs
  9 bats
  5 endoplasms
  3 giant cockroaches
  14 goblins
  7 hobgoblins
  6 quokkas
  9 ball pythons
  3 frilled lizards
  21 kobolds
  11 rats
771 creatures vanquished.

Vanquished Creatures (collateral kills)
  2 acid blobs (Slime:2)
  A rockslime (Slime:2)
  Snorg (D:12)
  An ugly thing (D:11)
  Joseph (D:7)
  A kobold demonologist (Bailey)
  A komodo dragon (Lair:3)
  A rime drake (Lair:5)
  A polar bear (Lair:2)
  A troll (D:11)
  Grinder (D:6)
  Prince Ribbit (D:6)
  2 dream sheep (Lair:5)
  A slime creature (D:14)
  6 yaks
  A wyvern (D:8)
  A warg (D:11)
  A vampire mosquito (D:11)
  A water moccasin (Lair:5)
  4 orc warriors
  A wolf (Lair:3)
  A kobold brigand (D:11)
  Blork the orc (D:4)
  A bullfrog (Lair:2)
  A gnoll sergeant (D:9)
  2 killer bees (D:10)
  An electric eel (D:14)
  2 jellies
  An orc priest (D:2)
  An iguana (D:10)
  Natasha (D:4)
  An orc wizard (D:8)
  3 gnolls (D:6)
  An adder (D:6)
  4 orcs
  A goblin (Bailey)
  A hobgoblin (Bailey)
  2 rats
56 creatures vanquished.

Grand Total: 827 creatures vanquished

Notes
Turn   | Place    | Note
-------+----------+-------------------------------------------
     0 | D:1      | Nvm9 the Demonspawn Fighter began the quest for the Orb.
     0 | D:1      | Reached XP level 1. HP: 18/18 MP: 1/1
   123 | D:1      | Gained mutation: A weak demonic guardian rushes to your
                  | aid. [demonic ancestry]
   123 | D:1      | Reached XP level 2. HP: 24/24 MP: 2/2
   516 | D:2      | Gained mutation: You have a pair of small antennae on your
                  | head. [demonic ancestry]
   516 | D:2      | Reached XP level 3. HP: 16/29 MP: 3/3
   578 | D:2      | Found an ancient bone altar of Kikubaaqudgha.
   643 | D:2      | Found a faded altar of an unknown god.
   675 | D:2      | Identified the +1 rapier of Judgement {heavy, Will+ Dex+2}
   954 | D:2      | Reached XP level 4. HP: 12/35 MP: 4/4
  1525 | D:3      | You fall into a shaft and drop 1 floor!
  1619 | D:3      | Noticed an ogre
  1627 | D:3      | Killed an ogre
  1628 | D:3      | Gained mutation: You may rarely emit foul miasma when
                  | damaged in melee. [demonic ancestry]
  1628 | D:3      | Reached XP level 5. HP: 22/42 MP: 5/5
  1867 | D:3      | Found a burning altar of Makhleb.
  2197 | D:4      | Noticed a water moccasin
  2202 | D:3      | Gained mutation: A demonic guardian rushes to your aid.
                  | [demonic ancestry]
  2202 | D:3      | Reached XP level 6. HP: 46/48 MP: 6/6
  2218 | D:3      | Killed a water moccasin
  2421 | D:4      | Found a hide-covered altar of Uskayaw.
  2619 | D:4      | Noticed Natasha
  2620 | D:4      | Noticed Blork the orc
  2629 | D:4      | Killed Natasha
  2631 | D:4      | Killed Blork the orc
  2632 | D:4      | Reached XP level 7. HP: 3/55 MP: 7/7
  2762 | D:4      | Noticed Natasha
  2775 | D:4      | Killed Natasha
  2860 | D:4      | Noticed Natasha
  2870 | D:4      | Killed Natasha
  2965 | D:4      | Found a staircase to the Ecumenical Temple.
  3060 | Temple   | Entered the Ecumenical Temple
  3179 | D:4      | Found a radiant altar of Vehumet.
  3246 | D:4      | Reached skill level 5 in Fighting
  3443 | D:4      | Found an iron altar of Okawaru.
  3474 | D:5      | Entered Level 5 of the Dungeon
  4142 | D:5      | Identified the +4 ring mail "Siqoi" {*Slow rPois Str+3}
  4260 | D:5      | Reached skill level 1 in Throwing
  4361 | D:5      | Reached skill level 5 in Armour
  4361 | D:5      | Reached skill level 5 in Shields
  4361 | D:5      | Gained mutation: You sometimes emit foul miasma when
                  | damaged in melee. [demonic ancestry]
  4361 | D:5      | Reached XP level 8. HP: 58/63 MP: 8/8
  4691 | D:6      | Noticed Eustachio
  4739 | D:6      | Killed Eustachio
  4848 | D:6      | Noticed Prince Ribbit
  4859 | D:6      | Killed Prince Ribbit
  4860 | D:6      | Reached skill level 5 in Axes
  4945 | D:6      | Noticed Grinder
  4972 | D:6      | Paralysed by Grinder for 3 turns
  4976 | D:6      | Killed Grinder
  5023 | D:6      | Found a sparkling altar of Nemelex Xobeh.
  5414 | D:6      | Found a sacrificial altar of Ru.
  5415 | D:6      | Found a stormy altar of Qazlal.
  5415 | D:6      | Found a blossoming altar of Fedhas.
  5567 | D:6      | Became a worshipper of Qazlal Stormbringer
  5599 | D:7      | Noticed Joseph
  5609 | D:7      | Killed Joseph
  5610 | D:7      | Gained mutation: You have a pair of antennae on your head.
                  | [demonic ancestry]
  5610 | D:7      | Reached XP level 9. HP: 39/71 MP: 9/9
  5790 | D:7      | Identified the +6 flail "Leviticus" {holy, rF- Str+7 Int+5}
  5845 | D:7      | Found a basalt altar of Yredelemnul.
  5881 | D:7      | Identified the +2 orcbow "Atuenk" {freeze, ^Contam Str+2
                  | Int+2}
  6159 | D:7      | Noticed Menkaure
  6164 | D:7      | Killed Menkaure
  6480 | D:8      | Reached * piety under Qazlal
  6502 | D:8      | Found a flagged portal.
  6512 | Bailey   | Entered a bailey
  6672 | Bailey   | Gained mutation: A powerful demonic guardian rushes to your
                  | aid. [demonic ancestry]
  6672 | Bailey   | Reached XP level 10. HP: 66/80 MP: 10/10
  6807 | Bailey   | Acquired 816 gold pieces
  6822 | Bailey   | Noticed a rust devil
  6832 | Bailey   | Noticed a sun demon
  6841 | Bailey   | Noticed a sun demon
  7037 | Bailey   | Noticed an orc knight
  7053 | Bailey   | Killed an orc knight
  7143 | Bailey   | Found an iron altar of Okawaru.
  7144 | Bailey   | Noticed an orange demon
  7196 | Bailey   | Gained mutation: You have a somewhat thin skeletal
                  | structure. (Dex +2, Stealth+) [demonic ancestry]
  7196 | Bailey   | Reached XP level 11. HP: 87/87 MP: 11/11
  7732 | D:8      | Found a shadowy altar of Dithmenos.
  8023 | D:8      | Reached ** piety under Qazlal
  8027 | D:8      | Identified the +3 hat of Jeshuon {rElec Will+}
  8135 | D:9      | Reached skill level 10 in Shields
  8424 | D:9      | Found a broken altar of Ashenzari.
  8514 | D:9      | Noticed Maggie
  8530 | D:9      | Killed Maggie
  8590 | D:9      | Reached *** piety under Qazlal
  8747 | D:9      | Found a runed translucent gate.
  8747 | D:9      | Found a runed translucent gate.
  8748 | D:9      | Found a runed translucent gate.
  8748 | D:9      | Found an opulent altar of Gozag.
  8749 | D:9      | Noticed kuniqs's ghost (journeyman CoHu)
  8781 | D:10     | Entered Level 10 of the Dungeon
  8793 | D:10     | Found a shimmering blue altar of Sif Muna.
  8910 | D:10     | Noticed a death yak
  8915 | D:10     | Reached XP level 12. HP: 95/95 MP: 12/12
  8940 | D:10     | Killed a death yak
  8946 | D:10     | Reached skill level 10 in Armour
  8998 | D:10     | Found a staircase to the Lair.
  9406 | D:11     | Noticed a two-headed ogre
  9415 | D:10     | Killed a two-headed ogre
  9434 | D:11     | Found a runed translucent gate.
  9435 | D:11     | Found a runed translucent gate.
  9436 | D:11     | Found a runed translucent gate.
  9463 | D:11     | Noticed NormalPerson7's ghost (journeyman HuFE)
  9635 | D:11     | Noticed a centaur warrior
  9643 | D:11     | Killed a centaur warrior
  9644 | D:11     | Reached skill level 1 in Invocations
  9806 | D:11     | Found a staircase to the Orcish Mines.
  9813 | D:11     | Reached skill level 10 in Fighting
  9823 | D:11     | Reached **** piety under Qazlal
 10105 | D:11     | Got the Writings on the Snow-white Wayfarer
 10649 | D:12     | Noticed a two-headed ogre
 10669 | D:12     | Killed a two-headed ogre
 10940 | D:12     | Noticed a boulder beetle
 10989 | D:11     | Killed a boulder beetle
 10990 | D:11     | Reached skill level 5 in Invocations
 11038 | D:12     | Reached XP level 13. HP: 83/104 MP: 16/16
 11273 | D:13     | Noticed Snorg
 11295 | D:12     | Killed Snorg
 11666 | D:13     | Found a gate to the Vaults.
 12588 | D:14     | Reached ***** piety under Qazlal
 12903 | D:14     | Paralysed by a hornet for 1 turns
 13369 | D:14     | Gained mutation: You have a pair of large antennae on your
                  | head. (SInv) [demonic ancestry]
 13369 | D:14     | Reached XP level 14. HP: 114/114 MP: 19/19
 13474 | D:14     | Reached skill level 10 in Axes
 13961 | D:15     | Entered Level 15 of the Dungeon
 14023 | D:15     | Found a staircase to the Depths.
 14023 | D:15     | Noticed a fire giant
 14213 | Orc:1    | Entered Level 1 of the Orcish Mines
 14407 | Orc:2    | Entered Level 2 of the Orcish Mines
 15159 | Orc:2    | Found Xoby's Distillery.
 15159 | Orc:2    | Found Atis's General Store.
 15557 | Lair:1   | Entered Level 1 of the Lair of Beasts
 15856 | Lair:1   | Reached ****** piety under Qazlal
 16413 | Lair:2   | Found a radiant altar of Vehumet.
 16599 | Lair:2   | Found a hole to the Spider Nest.
 17147 | Lair:3   | Identified the +5 ring mail "Boonwaa" {*Corrode rC+ Dex+2}
 17566 | Lair:3   | Found a staircase to the Shoals.
 17762 | Lair:3   | Gained mutation: You frequently emit foul miasma when
                  | damaged in melee. [demonic ancestry]
 17762 | Lair:3   | Reached XP level 15. HP: 90/122 MP: 21/21
 18776 | Lair:5   | Entered Level 5 of the Lair of Beasts
 19066 | Lair:5   | Got Lehudib's Commentary on Chthonic Striking
 19101 | Lair:5   | Found a staircase to the Slime Pits.
 19112 | Slime:1  | Entered Level 1 of the Pits of Slime
 19112 | Slime:1  | Noticed an acid blob
 19131 | Slime:1  | Noticed a rockslime
 19131 | Slime:1  | Noticed a rockslime
 19131 | Slime:1  | Noticed an acid blob
 19406 | Orc:2    | Found a staircase to the Elven Halls.
 19937 | Orc:1    | Found Tuefom's Weapon Shop.
 20131 | Orc:2    | Found a shimmering altar of Xom.
 20495 | Orc:2    | Bought a scroll of acquirement for 624 gold pieces
 20519 | Orc:2    | Acquired the +3 crystal plate armour "Dudutwul" {Int-2
                  | Dex+7}
 20973 | Orc:2    | Found Xaxziurchy's Jewellery Shop.
 20973 | Orc:2    | Found a one-way gate leading to the halls of Pandemonium.
 20973 | Orc:2    | Found Yskun's Antique Armour Boutique.
 20977 | Orc:2    | Bought a faintly glowing plate armour for 476 gold pieces
 20977 | Orc:2    | Identified the +2 plate armour of Plasticity {Will+} (You
                  | bought it in a shop on level 2 of the Orcish Mines)
 20979 | Orc:2    | Bought a +6 ring of strength for 468 gold pieces
 21355 | Lair:5   | Gained mutation: You are dopey. (Int -2) [a shining eye]
 21356 | Lair:5   | Gained mutation: You have hidden genetic defects. [a
                  | shining eye]
 21369 | Lair:5   | Killed a rockslime
 21370 | Lair:5   | Reached skill level 10 in Invocations
 21710 | Lair:5   | Gained mutation: You are vulnerable to cold. (rC-) [hidden
                  | defects]
 22063 | Lair:5   | Gained mutation: Your hexes are more powerful. [demonic
                  | ancestry]
 22063 | Lair:5   | Reached XP level 16. HP: 133/133 MP: 24/24
 22306 | Lair:5   | Identified the +2 leather armour of Loss {Dex+3 SInv}
 22602 | Lair:5   | Gained mutation: Your magical capacity is low. (-10% MP)
                  | [hidden defects]
 22602 | Lair:5   | Lost mutation: You have hidden genetic defects. [hidden
                  | defects expressed]
 22639 | Lair:5   | Killed an acid blob
 22680 | Lair:5   | Killed an acid blob
 22833 | Slime:2  | Gained mutation: You do not regenerate when monsters are
                  | visible. [a shining eye]
 22837 | Slime:1  | Gained mutation: Your body sometimes deteriorates upon
                  | taking damage. [a shining eye]
 22838 | Slime:1  | Gained mutation: You are vulnerable to heat. (rF-) [a
                  | shining eye]
 25775 | Slime:2  | Gained mutation: Your muscles are strong. (Str +4, Int/Dex
                  | -1) [a shining eye]
 25780 | Slime:2  | Gained mutation: You occasionally lose the ability to drink
                  | potions when taking damage. [a shining eye]
 25781 | Slime:2  | Lost mutation: Your muscles are strong. (Str +4, Int/Dex
                  | -1) [a shining eye]
 25782 | Slime:2  | Gained mutation: You are frail. (-10% HP) [a shining eye]
 25790 | Slime:2  | Gained mutation: You are very dopey. (Int -4) [a shining
                  | eye]
 25791 | Slime:2  | Gained mutation: You have hidden genetic defects. [a
                  | shining eye]
 25795 | Slime:2  | Gained mutation: You have sharp toenails. [a shining eye]
 25797 | Slime:2  | Gained mutation: You occasionally lose the ability to read
                  | scrolls when taking damage. [a shining eye]
 25800 | Slime:2  | Gained mutation: You are very vulnerable to heat. (rF--) [a
                  | shining eye]
 25802 | Slime:2  | Lost mutation: You are frail. (-10% HP) [a shining eye]
 25805 | Slime:2  | Gained mutation: You are frail. (-10% HP) [a shining eye]
 25813 | Slime:2  | Gained mutation: Potions are less effective at restoring
                  | your health. [a shining eye]
 25854 | Slime:2  | Noticed an acid blob
 25866 | Slime:2  | Killed an acid blob
 25945 | Slime:2  | Noticed an acid blob
 25981 | Slime:2  | Killed an acid blob
 26032 | Slime:2  | Noticed an acid blob
 26044 | Slime:2  | Noticed an acid blob
 26045 | Slime:2  | HP: 4/120 [acid blob (25)]
 26045 | Slime:2  | HP: 1/120 [acid (3)]
 26048 | Slime:2  | Killed an acid blob
 26048 | Slime:2  | Annihilated by an azure jelly

Illustrated notes

Levels and vault maps discovered:
D:1:      eino_arrival_cavern_a, layout_rooms, serial_park_tiny_2
D:2:      layout_loops_cross, basic_altar,
          hellmonk_ecumenical_altar_heavens_door
D:3:      layout_rooms, mainiacjoe_overflow_24_doors
D:4:      layout_rooms, vehumet_statue, general_overflow_altar,
          mainiacjoe_overflow_alcove_4, minmay_temple_entry_ruins,
          hellmonk_no_cap, uniq_blork_the_orc, uniq_natasha
D:5:      layout_gridville
D:6:      layout_loops_ring, nemelex_spade_bored_becter, old_standard_altar,
          chequers_temple_overflow_statue_of_worship, minmay_misc_feat_ornament,
          uniq_grinder, uniq_prince_ribbit1, uniq_eustachio
D:7:      layout_loops_ring, nicolae_yredelemnul_corpse_copse, corner_web_ring,
          uniq_joseph, uniq_menkaure
D:8:      layout_loops_ring, grunt_dithmenos_smoke_and_mirrors, enter_bailey_3,
          mrwooster_statue_mirror, the_hattery
D:9:      layout_rooms, mainiacjoe_overflow_catwalk_spiral, ebering_ghost_gozag,
          kennysheep_cross_room, kennysheep_generic_room_15, uniq_maggie
D:10:     layout_loops_ring, mainiacjoe_overflow_cross_hatched,
          dpeg_lair_monsters, chequers_serial_rivers_small_a
D:11:     layout_basic, erik_orc_4, gammafunk_ghost_split,
          kennysheep_generic_room_12
D:12:     layout_basic
D:13:     layout_layer_cave, david_vaults_2, uniq_snorg
D:14:     layout_basic, grunt_decor_resistance
D:15:     grunt_enter_depths_giant_problem, layout_loops_ring, nrook_campfire,
          cheibriados_altar_1
Temple:   nicolae_temple_superstar
Lair:1:   layout_chaotic_city, grunt_megastairs_4
Lair:2:   hellmonk_destroyed_diamonds, layout_hall_layers,
          nicolae_spider_entry_tight_spaces, basic_altar, kennysheep_rathole
Lair:3:   layout_regular_city, minmay_shoals_entry_centaurs, lemuel_fruit_tree
Lair:4:   layout_concentric_octagons, infiniplex_staircase_pool
Lair:5:   evilmike_catoblepas_cave, layout_gridlike, slime_entry_1,
          bobbens_dragon_lair_wall
Slime:1:  layout_caves
Slime:2:  layout_caves, cheibrodos_slime_lost_civilization_4
Orc:1:    layout_caves, serial_shops, nicolae_shop_tiny_statue_garden
Orc:2:    pf_orc_diabolical, layout_caves, basic_altar

Skill      XL: |  1  2  3  4  5  6  7  8  9 10 11 12 13 14 15 16 |
---------------+-------------------------------------------------+-----
Axes           | 2 3 4 5 6 7 8 9 11 12 13 | 13.1
Armour         | 3 4 5 6 9 10 11 12 13 | 13.9
Shields        | 3 4 5 6 7 9 10 11 12 13 14 | 14.2
Fighting       | 4 5 6 7 8 9 10 11 12 14 | 14.8
Throwing       | 1 2 3 4 |  4.3
Invocations    | 5 7 8 10 12 | 12.5

Action                     |  1- 3 |  4- 6 |  7- 9 | 10-12 | 13-15 | 16-18 || total
---------------------------+-------+-------+-------+-------+-------+-------++-------
  Melee: War axe           |    86 |   119 |   406 |    52 |       |       ||   663
         Broad axe         |       |       |       |   424 |  1284 |   377 ||  2085
  Throw: Throwing net      |       |       |     1 |       |       |       ||     1
         Dart              |       |       |       |     4 |       |     3 ||     7
 Invoke: Upheaval          |       |       |       |     4 |    39 |     2 ||    45
         Elemental Force   |       |       |       |       |     1 |       ||     1
    Use: Scroll            |     2 |     3 |     6 |     8 |     8 |     1 ||    28
         Potion            |     1 |     3 |     4 |     9 |     3 |     6 ||    26
   Stab: Distracted        |       |       |       |     1 |     2 |     2 ||     5
 Armour: Scale mail        |    77 |   107 |   114 |       |       |       ||   298
         Skin              |       |     2 |       |       |       |       ||     2
         Ring mail         |       |       |   200 |       |       |       ||   200
         Plate armour      |       |       |    12 |   318 |   556 |       ||   886
         Crystal plate arm |       |       |       |       |    75 |   282 ||   357
  Dodge: Dodged            |    42 |    45 |   148 |   111 |   151 |    14 ||   511
         Repelled          |       |       |       |     7 |    21 |    13 ||    41
  Block: Buckler           |    21 |     4 |       |       |       |       ||    25
         Kite shield       |       |    51 |   179 |       |       |       ||   230
         Tower shield      |       |       |   201 |   848 |  2146 |   555 ||  3750
         Reflection        |       |       |     9 |    25 |    89 |    15 ||   138

Table legend: (Time is in decaauts)
 A = Elapsed time spent in this place.
 B = Non-inter-level travel time spent in this place.
 C = Inter-level travel time spent in this place.
 D = Time resting spent in this place.
 E = Time spent auto-exploring this place.
 F = Levels seen in this place.
 G = Mean time per level.
                   A        B        C        D        E       F      G
               +--------+--------+--------+--------+--------+-----+--------+
         Total |  27006 |  25537 |   1469 |   4683 |  10736 |  26 | 1038.7 |
       Dungeon |  15529 |  14631 |    898 |   2108 |   7609 |  15 | 1035.3 |
        Temple |     32 |     26 |      6 |      0 |      0 |   1 |   32.0 |
          Lair |   5305 |   4885 |    420 |    243 |   2288 |   5 | 1061.0 |
    Slime Pits |   1854 |   1853 |      1 |   1157 |      0 |   2 |  927.0 |
  Orcish Mines |   3336 |   3193 |    143 |   1119 |    712 |   2 | 1668.0 |
        Bailey |    948 |    948 |      0 |     55 |    126 |   1 |  948.0 |
               +--------+--------+--------+--------+--------+-----+--------+

Top non-repeatable levels by time:
   Orc:2: 2720 daAuts
    D:14: 1937 daAuts
    D:11: 1641 daAuts
  Lair:5: 1605 daAuts
 Slime:2: 1503 daAuts
    D:13: 1339 daAuts
     D:4: 1272 daAuts
  Lair:3: 1160 daAuts
     D:2: 1047 daAuts
     D:5: 1046 daAuts
     D:6: 1032 daAuts
  Bailey: 948 daAuts
    D:15: 928 daAuts
     D:8: 921 daAuts
  Lair:2: 880 daAuts
